PAAA
TORTOLITA DRUMMERS @ SALT LAKE CITY BUZZ
09/27/2019
 
TOP OF THE 1ST
Tortolita Drummers batting - Pitching for Salt Lake City Buzz : RHP Javier Mora
Pitching: RHP Javier Mora
Batting: RHB Hunter Curtis 0-0: Ball
1-0: Called Strike
1-1: Ball
2-1: Ball
3-1: Called Strike
3-2: Fly out, F6 (Popup, 5F)
Batting: SHB Dan Godwin 0-0: Ball
1-0: Ground out 6-3 (Groundball, 6)
Batting: LHB Orlando Trevino 0-0: Ball
1-0: Foul Ball, location: 2F
1-1: Ball
2-1: Ball
3-1: Base on Balls
Batting: RHB Joey Morgan 0-0: Ball
1-0: Foul Ball, location: 2F
1-1: Called Strike
1-2: Ball
2-2: Ball
3-2: Base on Balls
Orlando Trevino to second
Batting: RHB Lonnie Conrad 0-0: Called Strike
0-1: Called Strike
0-2: Ball
1-2: Ball
Wild Pitch!
Orlando Trevino to third
Joey Morgan to second
2-2: Strikes out looking
Top of the 1st over - 0 run(s), 0 hit(s), 0 error(s), 2 left on base; Tortolita 0 - Salt Lake City 0
BOTTOM OF THE 1ST
Salt Lake City Buzz batting - Pitching for Tortolita Drummers : RHP Javier Estrada
Pitching: RHP Javier Estrada
Batting: LHB Todd Williams 0-0: Ball
1-0: Fly out, F5 (Line Drive, 5L)
Batting: RHB Roberto Ríos 0-0: Called Strike
0-1: Ball
1-1: Foul Ball, location: 2F
1-2: SINGLE (Line Drive, 8LS)
Batting: LHB Chris Stoltzfus Pickoff Throw to First - Error! E1
Roberto Ríos to second
0-0: Foul Ball, location: 2F
0-1: Called Strike
0-2: Strikes out swinging
Batting: LHB Frank Bass 0-0: Ball
1-0: Foul Ball, location: 2F
1-1: Ball
2-1: Fly out, F8 (Flyball, 8LXD)
Bottom of the 1st over - 0 run(s), 1 hit(s), 1 error(s), 1 left on base; Tortolita 0 - Salt Lake City 0
TOP OF THE 2ND
Tortolita Drummers batting - Pitching for Salt Lake City Buzz : RHP Javier Mora
Batting: RHB Ron Humboldt 0-0: Ball
1-0: Foul Ball, location: 2F
1-1: Ball
2-1: Called Strike
2-2: Strikes out swinging
Batting: LHB Jesse Taylor 0-0: Ground out U3 (Groundball, 3)
Batting: RHB Jim Harris 0-0: Called Strike
0-1: Swinging Strike
0-2: Ball
1-2: Ball
2-2: Foul Ball, location: 2F
2-2: Strikes out swinging
Top of the 2nd over - 0 run(s), 0 hit(s), 0 error(s), 0 left on base; Tortolita 0 - Salt Lake City 0
BOTTOM OF THE 2ND
Salt Lake City Buzz batting - Pitching for Tortolita Drummers : RHP Javier Estrada
Batting: LHB George Huffman 0-0: Ball
1-0: Ball
2-0: Ball
3-0: Called Strike
3-1: Swinging Strike
3-2: SOLO HOME RUN (Flyball, 9D), Distance : 390 ft
Batting: SHB Raymond Bright 0-0: Ball
1-0: Foul Ball, location: 2F
1-1: Ground out 6-3 (Groundball, 6)
Batting: SHB Shelby Reusch 0-0: Called Strike
0-1: Ball
1-1: Called Strike
1-2: Fly out, F8 (Flyball, 8LM)
Batting: RHB Patrick Clark 0-0: Called Strike
0-1: Swinging Strike
0-2: Ball
1-2: Fly out, F9 (Flyball, 9M)
Bottom of the 2nd over - 1 run(s), 1 hit(s), 0 error(s), 0 left on base; Tortolita 0 - Salt Lake City 1
TOP OF THE 3RD
Tortolita Drummers batting - Pitching for Salt Lake City Buzz : RHP Javier Mora
Batting: RHB Ray Whittier 0-0: Ball
1-0: Ball
2-0: Ball
3-0: Base on Balls
Batting: RHB Hunter Curtis 0-0: DOUBLE (Groundball, 5L)
Ray Whittier to third
Batting: SHB Dan Godwin 0-0: Called Strike
0-1: SINGLE (Line Drive, 78S)
Ray Whittier scores
Hunter Curtis to third
Runner from 3rd tries for Home, SAFE, throw made home
Batting: LHB Orlando Trevino 0-0: Swinging Strike
0-1: Foul Ball, location: 2F
0-2: Foul Ball, location: 2F
0-2: Ball
1-2: Ball
2-2: Ball
3-2: 2-RUN HOME RUN (Flyball, 9D), Distance : 388 ft
Batting: RHB Joey Morgan 0-0: Foul Ball, location: 2F
0-1: Ball
1-1: Ball
2-1: Foul Ball, location: 2F
2-2: Ball
3-2: SINGLE (Groundball, 6M)
Batting: RHB Lonnie Conrad 0-0: Swinging Strike
0-1: Foul Ball, location: 2F
0-2: Ball
1-2: Ball
2-2: Strikes out looking
Batting: RHB Ron Humboldt 0-0: Ball
1-0: Called Strike
1-1: Foul Ball, location: 2F
1-2: Strikes out swinging
Batting: LHB Jesse Taylor 0-0: Ball
1-0: Called Strike
1-1: Called Strike
1-2: Ball
2-2: Foul Ball, location: 2F
2-2: Ball
Joey Morgan steals 2nd base
3-2: Strikes out swinging
Top of the 3rd over - 4 run(s), 4 hit(s), 0 error(s), 1 left on base; Tortolita 4 - Salt Lake City 1
BOTTOM OF THE 3RD
Salt Lake City Buzz batting - Pitching for Tortolita Drummers : RHP Javier Estrada
Batting: RHB Larry Brown 0-0: Fly out, F3 (Popup, 3L)
Batting: LHB Todd Williams 0-0: Ball
1-0: Foul Ball, location: 2F
1-1: Ball
2-1: Called Strike
2-2: DOUBLE (Line Drive, 9LS)
Batting: RHB Roberto Ríos 0-0: Ball
Todd Williams steals 3rd base
1-0: Called Strike
1-1: Swinging Strike
1-2: Fly out, F8 (Flyball, 8LM)
Runner from 3rd tags up, SCORES, no throw
Batting: LHB Chris Stoltzfus 0-0: Ball
1-0: Ball
2-0: Foul Ball, location: 2F
2-1: Ball
3-1: Called Strike
3-2: Ground out 3-1 (Groundball, 3)
Bottom of the 3rd over - 1 run(s), 1 hit(s), 0 error(s), 0 left on base; Tortolita 4 - Salt Lake City 2
TOP OF THE 4TH
Tortolita Drummers batting - Pitching for Salt Lake City Buzz : RHP Javier Mora
Batting: RHB Jim Harris 0-0: Ball
1-0: Ball
2-0: Called Strike
2-1: Foul Ball, location: 2F
2-2: Ball
3-2: Strikes out swinging
Batting: RHB Ray Whittier 0-0: Swinging Strike
0-1: Called Strike
0-2: Ball
1-2: Ball
2-2: Strikes out swinging
Batting: RHB Hunter Curtis 0-0: Ball
1-0: Ball
2-0: Called Strike
2-1: Ground out 5-3 (Groundball, 56)
Top of the 4th over - 0 run(s), 0 hit(s), 0 error(s), 0 left on base; Tortolita 4 - Salt Lake City 2
BOTTOM OF THE 4TH
Salt Lake City Buzz batting - Pitching for Tortolita Drummers : RHP Javier Estrada
Batting: LHB Frank Bass 0-0: Called Strike
0-1: Ball
1-1: Ball
2-1: Foul Ball, location: 2F
2-2: Fly out, F1 (Line Drive, 13)
Batting: LHB George Huffman 0-0: Ball
1-0: Called Strike
1-1: Called Strike
1-2: Foul Ball, location: 2F
1-2: Ball
2-2: SINGLE (Flyball, 6MD)
Batting: SHB Raymond Bright 0-0: Foul Ball, location: 2F
0-1: SINGLE (Line Drive, 7LS)
George Huffman to second
Batting: SHB Shelby Reusch 0-0: Foul Ball, location: 2F
0-1: Ball
1-1: Swinging Strike
1-2: Strikes out swinging
Batting: RHB Patrick Clark 0-0: DOUBLE (Line Drive, 56D)
George Huffman scores
Raymond Bright to third
Batting: RHB Larry Brown 0-0: Ball
1-0: Reached on error, E6 (Groundball, 6)
Raymond Bright scores
Patrick Clark to third
Batting: LHB Todd Williams 0-0: Called Strike
0-1: Ball
1-1: Ball
2-1: Ball
3-1: SINGLE (Line Drive, 4M)
Patrick Clark scores
Larry Brown to second
Batting: RHB Roberto Ríos 0-0: Foul Ball, location: 2F
0-1: Called Strike
0-2: Ground out 6-3 (Groundball, 6)
Bottom of the 4th over - 3 run(s), 4 hit(s), 1 error(s), 2 left on base; Tortolita 4 - Salt Lake City 5
TOP OF THE 5TH
Tortolita Drummers batting - Pitching for Salt Lake City Buzz : RHP Javier Mora
Batting: SHB Dan Godwin 0-0: Ball
1-0: Foul Ball, location: 2F
1-1: Called Strike
1-2: Ball
2-2: Ground out U3 (Groundball, 3S)
Batting: LHB Orlando Trevino 0-0: Ground out 1-3 (Groundball, 13S)
Batting: RHB Joey Morgan 0-0: Ball
1-0: SINGLE (Groundball, 6)
Batting: RHB Lonnie Conrad 0-0: Called Strike
0-1: Ball
1-1: Foul Ball, location: 2F
1-2: DOUBLE (Line Drive, 89M)
Joey Morgan to third
Batting: RHB Ron Humboldt 0-0: Called Strike
0-1: Ball
1-1: Ball
2-1: Swinging Strike
2-2: Ball
3-2: Base on Balls
Batting: LHB Jesse Taylor 0-0: Ball
1-0: Ball
2-0: Ball
3-0: Called Strike
3-1: Base on Balls
Joey Morgan scores
Lonnie Conrad to third
Ron Humboldt to second
Pitching: RHP Suezo Sato
Batting: RHB Jim Harris 0-0: SINGLE (Line Drive, 34)
Lonnie Conrad scores
Ron Humboldt to third
Jesse Taylor to second
Runner from 3rd tries for Home, SAFE, no throw or cutoff
Batting: RHB Ray Whittier 0-0: Ball
1-0: Swinging Strike
1-1: Foul Ball, location: 2F
1-2: Foul Ball, location: 2F
1-2: Strikes out swinging
Top of the 5th over - 3 run(s), 3 hit(s), 0 error(s), 2 left on base; Tortolita 7 - Salt Lake City 5
BOTTOM OF THE 5TH
Salt Lake City Buzz batting - Pitching for Tortolita Drummers : RHP Javier Estrada
Batting: LHB Chris Stoltzfus 0-0: Swinging Strike
0-1: Foul Ball, location: 2F
0-2: Foul Ball, location: 2F
0-2: Ball
1-2: DOUBLE (Line Drive, 9LM)
Batting: LHB Frank Bass 0-0: Ball
1-0: Ball
2-0: Fly out, F5 (Popup, 5SF)
Batting: LHB George Huffman 0-0: Ball
1-0: Ball
2-0: Foul Ball, location: 2F
2-1: Called Strike
2-2: Strikes out swinging
Batting: SHB Raymond Bright 0-0: Ball
1-0: Fly out, F7 (Flyball, 78D)
Bottom of the 5th over - 0 run(s), 1 hit(s), 0 error(s), 1 left on base; Tortolita 7 - Salt Lake City 5
TOP OF THE 6TH
Tortolita Drummers batting - Pitching for Salt Lake City Buzz : RHP Suezo Sato
Batting: RHB Hunter Curtis 0-0: Called Strike
0-1: Ball
1-1: Foul Ball, location: 2F
1-2: Ball
2-2: Ball
3-2: Foul Ball, location: 2F
3-2: Foul Ball, location: 2F
3-2: Base on Balls
Batting: SHB Dan Godwin 0-0: Ball
1-0: Sac Bunt - play at first, batter OUT! 1-4
Hunter Curtis to second
Batting: LHB Orlando Trevino 0-0: Intentional Walk
Batting: RHB Joey Morgan 0-0: Called Strike
0-1: Called Strike
0-2: 3-RUN HOME RUN (Flyball, 78XD), Distance : 440 ft
Pitching: RHP Mike Hickey
Batting: RHB Lonnie Conrad 0-0: Called Strike
0-1: Ball
1-1: SOLO HOME RUN (Flyball, 78XD), Distance : 440 ft
Batting: RHB Ron Humboldt 0-0: Ball
1-0: Foul Ball, location: 2F
1-1: SOLO HOME RUN (Flyball, 9D), Distance : 396 ft
Pitching: RHP Eduardo Romero
Batting: LHB Jesse Taylor 0-0: Called Strike
0-1: Ball
1-1: Ball
2-1: Ball
3-1: Base on Balls
Batting: RHB Jim Harris 0-0: Ball
1-0: Called Strike
1-1: Foul Ball, location: 2F
1-2: Foul Ball, location: 2F
1-2: Grounds into double play, 6-4-3 (Groundball, 6)
Top of the 6th over - 5 run(s), 3 hit(s), 0 error(s), 0 left on base; Tortolita 12 - Salt Lake City 5
BOTTOM OF THE 6TH
Salt Lake City Buzz batting - Pitching for Tortolita Drummers : RHP Javier Estrada
Batting: SHB Shelby Reusch 0-0: Called Strike
0-1: Ground out 4-3 (Groundball, 34)
Batting: RHB Patrick Clark 0-0: SINGLE (Flyball, 8LS)
Batting: RHB Larry Brown 0-0: Called Strike
0-1: Foul Ball, location: 2F
0-2: Strikes out swinging
Batting: LHB Todd Williams 0-0: Ball
1-0: Ball
2-0: Ball
3-0: Base on Balls
Patrick Clark to second
Pitching: LHP Edward Jensen
Batting: RHB Roberto Ríos 0-0: Ball
1-0: Ball
2-0: Fly out, F4 (Popup, 34)
Bottom of the 6th over - 0 run(s), 1 hit(s), 0 error(s), 2 left on base; Tortolita 12 - Salt Lake City 5
TOP OF THE 7TH
Tortolita Drummers batting - Pitching for Salt Lake City Buzz : RHP Eduardo Romero
Batting: RHB Ray Whittier 0-0: Called Strike
0-1: Foul Ball, location: 2F
0-2: Foul Ball, location: 2F
0-2: Strikes out swinging
Batting: RHB Hunter Curtis 0-0: Swinging Strike
0-1: Swinging Strike
0-2: Fly out, F8 (Flyball, 8RXD)
Batting: SHB Dan Godwin 0-0: Ground out U3 (Groundball, 3L)
Top of the 7th over - 0 run(s), 0 hit(s), 0 error(s), 0 left on base; Tortolita 12 - Salt Lake City 5
BOTTOM OF THE 7TH
Salt Lake City Buzz batting - Pitching for Tortolita Drummers : LHP Edward Jensen
Batting: LHB Chris Stoltzfus 0-0: Ball
1-0: Swinging Strike
1-1: Ground out U3 (Groundball, 3L)
Batting: LHB Frank Bass 0-0: SINGLE (Line Drive, 34D)
Batting: LHB George Huffman 0-0: Ball
1-0: Swinging Strike
1-1: Ball
2-1: Called Strike
2-2: Strikes out looking
Batting: SHB Raymond Bright 0-0: Ball
1-0: Ball
2-0: Called Strike
2-1: Called Strike
2-2: Foul Ball, location: 2F
2-2: Ball
3-2: Base on Balls
Frank Bass to second
Batting: SHB Shelby Reusch 0-0: Ball
1-0: Called Strike
1-1: Ball
2-1: Ball
3-1: Base on Balls
Frank Bass to third
Raymond Bright to second
Batting: RHB Patrick Clark 0-0: SINGLE (Flyball, 7LS)
Frank Bass scores
Raymond Bright to third
Shelby Reusch to second
Runner from 3rd tries for Home, SAFE, no throw or cutoff
Batting: RHB Larry Brown 0-0: Fly out, F7 (Flyball, 7M)
Bottom of the 7th over - 2 run(s), 2 hit(s), 0 error(s), 2 left on base; Tortolita 12 - Salt Lake City 7
TOP OF THE 8TH
Tortolita Drummers batting - Pitching for Salt Lake City Buzz : RHP Eduardo Romero
Batting: LHB Orlando Trevino 0-0: Ball
1-0: Ball
2-0: Ball
3-0: Base on Balls
Batting: RHB Joey Morgan 0-0: Foul Ball, location: 2F
0-1: Ball
1-1: Ball
2-1: Ball
3-1: Fly out, F1 (Line Drive, 13)
Pitching: RHP Huai-yu Kan
Batting: RHB Lonnie Conrad 0-0: Ball
1-0: Swinging Strike
1-1: Foul Ball, location: 2F
1-2: Ball
Orlando Trevino steals 2nd base
2-2: Strikes out looking
Batting: RHB Ron Humboldt 0-0: Ball
1-0: Fly out, F9 (Flyball, 9LMF)
Top of the 8th over - 0 run(s), 0 hit(s), 0 error(s), 1 left on base; Tortolita 12 - Salt Lake City 7
BOTTOM OF THE 8TH
Salt Lake City Buzz batting - Pitching for Tortolita Drummers : LHP Edward Jensen
Batting: LHB Todd Williams 0-0: Foul Ball, location: 2F
0-1: Called Strike
0-2: Foul Ball, location: 2F
0-2: Ball
1-2: Ball
2-2: Foul Ball, location: 2F
2-2: Strikes out swinging
Batting: RHB Roberto Ríos 0-0: Foul Ball, location: 2F
0-1: Swinging Strike
0-2: Ball
1-2: Foul Ball, location: 2F
1-2: Ball
2-2: Ground out 6-3 (Groundball, 6)
Batting: LHB Chris Stoltzfus 0-0: Ball
1-0: Ground out U3 (Groundball, 3S)
Bottom of the 8th over - 0 run(s), 0 hit(s), 0 error(s), 0 left on base; Tortolita 12 - Salt Lake City 7
TOP OF THE 9TH
Tortolita Drummers batting - Pitching for Salt Lake City Buzz : RHP Huai-yu Kan
Batting: LHB Jesse Taylor 0-0: Foul Ball, location: 2F
0-1: Ball
1-1: Called Strike
1-2: Ball
2-2: Foul Ball, location: 2F
2-2: Foul Ball, location: 2F
2-2: SINGLE (Groundball, 6MD)
Batting: RHB Jim Harris 0-0: Grounds into double play, 4-6-3 (Groundball, 34)
Batting: RHB Ray Whittier 0-0: SINGLE (Line Drive, 4M)
Batting: RHB Hunter Curtis 0-0: Ball
1-0: Ball
2-0: Swinging Strike
2-1: Ball
3-1: Foul Ball, location: 2F
3-2: Foul Ball, location: 2F
3-2: Fly out, F7 (Flyball, 78XD)
Top of the 9th over - 0 run(s), 2 hit(s), 0 error(s), 1 left on base; Tortolita 12 - Salt Lake City 7
BOTTOM OF THE 9TH
Salt Lake City Buzz batting - Pitching for Tortolita Drummers : LHP Edward Jensen
Pitching: LHP Ron Anderson
Batting: LHB Frank Bass 0-0: Fly out, F3 (Line Drive, 3)
Batting: LHB George Huffman 0-0: Ball
1-0: Foul Ball, location: 2F
1-1: Swinging Strike
1-2: Ball
2-2: SINGLE (Line Drive, 56D)
Batting: SHB Raymond Bright 0-0: Swinging Strike
0-1: Foul Ball, location: 2F
0-2: Ball
1-2: Ball
2-2: Strikes out swinging
Batting: SHB Shelby Reusch 0-0: Ball
1-0: Ground out 6-3 (Groundball, 6)
Bottom of the 9th over - 0 run(s), 1 hit(s), 0 error(s), 1 left on base; Tortolita 12 - Salt Lake City 7
This league is powered by Out of the Park Baseball, the baseball management simulation game for PC, Mac and Linux
Saturday, July 25th, 2015 - OOTP Baseball 15.6 Build 34